 Dungeon Crawl Stone Soup version 0.25.1-1-g288607f5aa (webtiles) character file.

Game seed: 577034673960380636

15 Acheron the Firebug (level 2, -3/20 HPs)
             Began as a Hill Orc Fire Elementalist on July 28, 2020.
             Slain by Natasha (5 damage)
             ... on level 2 of the Dungeon.
             The game lasted 00:07:44 (1052 turns).

Acheron the Firebug (Hill Orc Fire Elementalist)    Turns: 1052, Time: 00:07:45

Health: -3/20      AC:  2    Str: 10    XL:     2   Next: 50%
Magic:  2/4        EV: 12    Int: 15    God:
Gold:   18         SH:  0    Dex: 11    Spells: 3/4 levels left

rFire    . . .     SeeInvis .   j - +0 dagger
rCold    . . .     Gourm    .   (no shield)
rNeg     . . .     Faith    .   a - +0 robe
rPois    .         Spirit   .   (no helmet)
rElec    .         Reflect  .   (no cloak)
rCorr    .         Harm     .   (no gloves)
MR       .....                  (no boots)
Stlth    ++........             (no amulet)
HPRegen  0.06/turn              (no ring)
MPRegen  0.09/turn              (no ring)

@: brilliant
A: no striking features
a: no special abilities


You were on level 2 of the Dungeon.
You were hungry.

You visited 1 branch of the dungeon, and saw 3 of its levels.

You collected 18 gold pieces.

Inventory:

Hand Weapons
 i - a +0 club
 j - a +0 dagger (weapon)
 k - a +1 hunting sling
Missiles
 f - 15 poisoned darts (quivered)
 l - 10 stones
Armour
 a - a +0 robe (worn)
Scrolls
 d - a scroll of enchant weapon
Comestibles
 c - 2 rations


   Skills:
 * Level 1.7 Dodging
 * Level 1.8 Stealth
 + Level 1.7 Spellcasting
 * Level 1.3 Conjurations
 + Level 3.5 Fire Magic


You had 3 spell levels left.
You knew the following spells:

 Your Spells              Type           Power        Failure   Level  Hunger
a - Foxfire               Conj/Fire      ##..         9%          1    None

Your spell library contained the following spells:

 Spells                   Type           Power        Failure   Level  Hunger
 Conjure Flame            Conj/Fire      ##......     26%         3    None
 Inner Flame              Hex/Fire       #.......     32%         3    None
 Sticky Flame             Conj/Fire      ##......     63%         4    None
 Fireball                 Conj/Fire      ##........   93%         5    None


Dungeon Overview and Level Annotations

Branches:
Dungeon (3/15)

Altars:

Annotations:
D:2 1 runed translucent door, Crazy Yiuf, Natasha
D:3 Robin


Message History

You feel a surge of power!
You conjure some foxfire!
Natasha claws you but does no damage.
The foxfire hits Natasha.
Natasha is moderately wounded.
The foxfire hits Natasha.
Natasha is moderately wounded.
Casting: Foxfire (safe; 9% risk of failure)
Confirm with . or Enter, or press ? or * to list all spells.
You feel a surge of power!
You conjure some foxfire!
Natasha claws you.
* * * LOW HITPOINT WARNING * * *
The foxfire hits Natasha.
Natasha is moderately wounded.
The foxfire hits Natasha.
Natasha is heavily wounded.
Natasha closely misses you.
Okay, then.
You barely miss Natasha.
Natasha is heavily wounded.
Natasha claws you.
You die...

#.##.#..........#..
..###.#..#........5h#..
...........###..###5...
##.###.....## #..# ##.5.
#..###....## ##..## ##.#
..........####....####.#
......§.>..##..##..##..#
#.....§.h........r.....#
#.#####@#######.###...##
.........# #.# #.###
#.#####..# #.# #.# ...#
#.# #.# .#.# #.# #.# #.
.# #.# #.# ## .# #.# #.#
.. #.# #..


You could see Natasha.

Vanquished Creatures
  A leopard gecko (D:1)
  A ball python (D:1)
  A giant cockroach (D:1)
  A hobgoblin (D:3)
  A frilled lizard (D:1)
  6 goblins (D:2)
  A rat (D:1)
12 creatures vanquished.

Vanquished Creatures (others)
  31 foxfires
  3 fungi (D:2)
34 creatures vanquished.

Grand Total: 46 creatures vanquished

Notes
Turn   | Place    | Note
-------+----------+-------------------------------------------
     0 | D:1      | Acheron the Hill Orc Fire Elementalist began the quest for
                  | the Orb.
     0 | D:1      | Reached XP level 1. HP: 14/14 MP: 3/3
   482 | D:2      | Reached XP level 2. HP: 20/20 MP: 2/4
   494 | D:2      | Noticed Robin
   503 | D:2      | Found a runed translucent door.
   504 | D:2      | Noticed Crazy Yiuf
   898 | D:2      | Noticed Natasha
   909 | D:2      | Noticed a crimson imp
  1052 | D:2      | Slain by Natasha

Illustrated notes

Levels and vault maps discovered:
D:1:      erik_arrival_blinker_ship, layout_basic, minmay_domino_4
D:2:      layout_loops_ring, palyth_stone_intersect,
          hangedman_decor_diamond_cutter, uniq_crazy_yiuf_cottage, uniq_robin,
          uniq_natasha
D:3:      minmay_goblin_kobold_castle, layout_loops_ring, first_ration,
          uniq_jessica, uniq_ijyb

Action                   || total
-------------------------++-------
Melee: Unarmed           ||     1
       Dagger            ||     2
 Cast: Foxfire           ||    19
  Use: Scroll            ||     3
       Potion            ||     2
Armor: Robe              ||    17
Dodge: Dodged            ||    44
